AoeStats
← Vtinglove

African Clearing

503971908Analyzed
4v4 RM · 2mo ago on Sep 3, 2026· 62m 0s· 8 players
Game mode
Random Map
Map size
Large (8 player)
Population
200
Speed
Normal
Resources
Standard
Victory
Conquest
Starting age
Dark Age
Ending age
Imperial Age
RankedLock teamsTeams togetherTeam positionsShared explorationLock speedFull tech treeHidden civsTurbo modeCheats
Victory
Defeat
🇨🇳 Persians · China
1033
+12
🇺🇸 Lithuanians · United States
971
+15
🇨🇳 Mongols · China
967
+15
🇨🇳 Italians · China
861
+21
vs
🇮🇳 Teutons · India
1087
-21
🇵🇪 Inca · Peru
1000
-55
🇺🇸 Spanish · United States
885
-13
🇨🇷 Sicilians · Costa Rica
850
-11
DooWopShooBop
12:04 Loom
13:49 Feudal Age
17:08 Bloodlines
17:23 Scale Barding Armor
19:13 Forging
27:06 Castle Age
26:03 Scale Mail Armor
27:42 Pikeman
28:22 Squires
29:57 Iron Casting
33:43 Chain Mail Armor
34:33 Double-Bit Axe
34:59 Horse Collar
36:02 Chain Barding Armor
43:45 Gold Mining
46:59 Imperial Age
44:51 Husbandry
50:18 Imperial Age
58:21 Halberdier
60:58 Chain Mail Armor
清澄和衔蝉
3:33 Loom
14:35 Feudal Age
15:09 Double-Bit Axe
15:07 Horse Collar
26:31 Castle Age
28:27 Bow Saw
28:20 Heavy Plow
35:06 Fletching
61:24 Scale Barding Armor
Vtinglove
8:32 Loom
13:27 Feudal Age
13:47 Horse Collar
13:54 Double-Bit Axe
22:03 Castle Age
23:06 Bow Saw
22:57 Heavy Plow
29:12 Gold Mining
29:12 Stone Mining
30:37 Wheelbarrow
29:48 Town Watch
32:47 Hand Cart
36:29 Imperial Age
36:23 Gold Shaft Mining
36:27 Stone Shaft Mining
36:06 Scale Barding Armor
36:12 Forging
36:18 Bloodlines
36:08 Husbandry
36:04 Cavalier
37:51 Savar
39:26 Chain Barding Armor
39:43 Iron Casting
41:21 Two-Man Saw
41:18 Plate Barding Armor
42:22 Blast Furnace
淦
21:31 Feudal Age
30:26 Castle Age
28:50 Double-Bit Axe
32:02 Horse Collar
33:46 Bow Saw
34:16 Heavy Plow
35:57 Gold Mining
36:02 Stone Mining
38:50 Stone Shaft Mining
45:40 Imperial Age
44:46 Fletching
44:59 Padded Archer Armor
46:47 Ballistics
47:28 Chemistry
46:05 Elite Genoese Crossbowman
46:56 Pirotechnia
47:10 Conscription
47:56 Thumb Ring
48:19 Leather Archer Armor
48:00 Bodkin Arrow
_gaara_
8:45 Loom
15:57 Feudal Age
17:27 Double-Bit Axe
19:32 Scale Mail Armor
25:44 Castle Age
25:40 Town Watch
28:21 Chain Mail Armor
29:26 Squires
35:13 Forging
37:25 Wheelbarrow
37:36 Fletching
38:00 Bow Saw
38:11 Horse Collar
41:27 Heavy Plow
42:14 Pikeman
44:07 Iron Casting
47:57 Bodkin Arrow
HONOS
9:22 Loom
14:48 Feudal Age
16:12 Wheelbarrow
15:25 Double-Bit Axe
16:34 Horse Collar
21:54 Castle Age
20:57 Gold Mining
27:47 Bloodlines
29:07 Fletching
33:28 Forging
33:59 Heavy Plow
36:49 Hand Cart
39:51 Imperial Age
38:58 Iron Casting
39:01 Ballistics
39:42 Bodkin Arrow
39:57 Husbandry
40:07 Scale Barding Armor
40:02 Scale Mail Armor
39:54 Cavalier
41:03 Caravan
41:31 Stone Mining
43:37 Chemistry
43:35 Inquisition
44:49 Stone Shaft Mining
44:33 Gambesons
44:33 Arson
46:42 Bombard Tower
61:37 Fervor
61:49 Sanctity
61:56 Illumination
JeremiasMF
21:26 Feudal Age
28:22 Castle Age
40:34 Coinage
46:45 Imperial Age
ravish.ratnam
3:08 Loom
15:38 Feudal Age
19:41 Castle Age
17:50 Scale Barding Armor
17:56 Bloodlines
18:28 Forging
18:56 Double-Bit Axe
21:21 Chain Barding Armor
26:55 Wheelbarrow
28:36 Horse Collar
33:43 Bow Saw
36:37 Imperial Age
35:33 Iron Casting
36:54 Hand Cart
36:52 Cavalier
38:10 Plate Barding Armor
37:39 Gold Mining
38:17 Heavy Plow
38:03 Pikeman
39:49 Blast Furnace
38:50 Scale Mail Armor
40:33 Crop Rotation
40:05 Paladin
42:46 Chain Mail Armor
41:54 Halberdier
42:59 Squires
45:20 Chemistry
44:31 Masonry
48:35 Capped Ram
49:41 Ballistics
53:50 Elite Teutonic Knight
55:56 Ironclad
Connection lost

Rejoining the realm…

Still unreachable

The connection could not be restored.

Session expired

The server has moved on; the page needs a fresh start.